 Dungeon Crawl Stone Soup version 0.27-a0-1448-g9c78c815f3 (webtiles) character file.

Game seed: 14887415222486204260

98 AarnesTheHuman the Skirmisher (level 5, 0/42 HPs)
             Began as a Formicid Abyssal Knight on July 5, 2021.
             Was a Believer of Lugonu.
             Slain by Grinder (2 damage)
             ... on level 3 of the Dungeon.
             The game lasted 00:04:24 (2942 turns).

AarnesTheHuman the Skirmisher (FoAK)                Turns: 2942, Time: 00:04:24

Health: 0/42       AC: 11    Str: 17    XL:     5   Next: 1%
Magic:  7/7        EV:  5    Int: 12    God:    Lugonu [**....]
Gold:   100        SH:  0    Dex: 10    Spells: 4/4 levels left

rFire    . . .     SeeInvis +   a - +1 hand axe
rCold    . . .     Faith    .   (no shield)
rNeg     . . .     Spirit   .   c - +0 plate armour
rPois    .         Reflect  .   (helmet unavailable)
rElec    .         Harm     .   (no cloak)
rCorr    .         Rampage  .   (no gloves)
Will     .....     Clarity  +   (no boots)
Stlth    ..........             (no amulet)
HPRegen  0.14/turn              (no ring)
MPRegen  0.10/turn              (no ring)

@: no status effects
A: permanent stasis, dig shafts and tunnels, antennae 3, four strong arms,
hooves 1, clarity
a: Dig, Shaft Self, Renounce Religion, Depart the Abyss, Bend Space


You were on level 3 of the Dungeon.
You worshipped Lugonu.
Lugonu was pleased with you.
You visited 1 branch of the dungeon, and saw 3 of its levels.
You visited the Abyss 1 time.

You collected 100 gold pieces.

Inventory:

Hand Weapons
 a - a +1 hand axe (weapon)
 e - a +4 hunting sling
Missiles
 j - 10 poisoned darts
Armour
 b - a +0 leather armour
 c - a +0 plate armour (worn)
Potions
 d - a potion of magic {unknown}
 f - a potion of curing
 i - a potion of brilliance {unknown}


   Skills:
 + Level 4.2 Fighting
 - Level 2.0 Axes
 + Level 3.5 Armour
 - Level 0.8 Dodging
 + Level 3.6 Invocations


You had 4 spell levels left.
You didn't know any spells.
Your spell library was empty.

Dungeon Overview and Level Annotations

Branches:
Dungeon (3/15)

Altars:

Annotations:
D:3 Grinder


Innate Abilities, Weirdness & Mutations

You cannot be hasted, slowed, berserked, paralysed or teleported.
You can dig through walls and to a lower floor.
You have a pair of large antennae on your head. (SInv)
Your four strong arms can wield two-handed weapons with a shield.
You have large cloven feet.
You possess an exceptional clarity of mind.


Message History

You kick Grinder.
Grinder is moderately wounded.
Grinder hits you but does no damage. x2
You slash Grinder!
Grinder is heavily wounded.
Grinder gestures at you. Pain shoots through your body!
You are too injured to fight recklessly!
You are too injured to fight recklessly!
You are too injured to fight recklessly!
You are too injured to fight recklessly!
You closely miss Grinder.
Grinder is heavily wounded.
Grinder gestures at you. You resist with significant effort.
You hit Grinder.
Grinder is heavily wounded.
Grinder hits you.
You writhe in agony.
You closely miss Grinder.
Grinder is heavily wounded.
Grinder gestures at you.
You struggle to resist.
Your plate armour prevents you from hitting Grinder.
You kick Grinder, but do no damage.
Grinder is heavily wounded.
Grinder hits you.
* * * LOW HITPOINT WARNING * * *
You writhe in agony.
* * * LOW HITPOINT WARNING * * *
Grinder drinks a potion.
Grinder is healed!
Okay, then.
You closely miss Grinder. Your kick misses Grinder.
Grinder is moderately wounded.
Grinder hits you but does no damage.
You hit Grinder.
Grinder is moderately wounded.
Grinder hits you.
* * * LOW HITPOINT WARNING * * *
You writhe in agony.
You die...

#.#.## #........#
###.# #......).#
#.#####........#
#.#............#
#.'............#
###............#
#............#
#....5.......#
#....@.......#
#............#
#............
#............
########.......|....
#...................
#.........#########.
#........:#
#.........#


You could see Grinder.

Vanquished Creatures
  An orc priest (D:3)
  4 worms (D:2)
  2 orcs (D:3)
  3 ball pythons (D:1)
  5 bats (D:1)
  4 endoplasms
  3 giant cockroaches
  5 goblins
  6 hobgoblins
  5 kobolds
  5 quokkas
  2 frilled lizards (D:1)
  6 rats
51 creatures vanquished.

Notes
Turn   | Place    | Note
-------+----------+-------------------------------------------
     0 | Abyss:1  | AarnesTheHuman the Formicid Abyssal Knight began the quest
                  | for the Orb.
     0 | Abyss:1  | Reached XP level 1. HP: 18/18 MP: 2/2
    12 | D:1      | Escaped the Abyss
    33 | D:1      | Reached XP level 2. HP: 16/24 MP: 3/3
   437 | D:1      | Reached XP level 3. HP: 28/30 MP: 5/5
   653 | D:1      | Found a faded altar of an unknown god.
   715 | D:1      | Reached ** piety under Lugonu
  1630 | D:2      | Reached skill level 4 in Fighting
  1630 | D:2      | Reached XP level 4. HP: 35/37 MP: 6/6
  2544 | D:3      | Gained mutation: Armour fits poorly on your strangely
                  | shaped body. [potion of mutation]
  2544 | D:3      | Gained mutation: Your flesh is heat resistant. (rF+)
                  | [potion of mutation]
  2544 | D:3      | Gained mutation: Potions are less effective at restoring
                  | your health. [potion of mutation]
  2545 | D:3      | Lost mutation: Armour fits poorly on your strangely shaped
                  | body. [potion of mutation]
  2545 | D:3      | Lost mutation: Your flesh is heat resistant. (rF+) [potion
                  | of mutation]
  2545 | D:3      | Lost mutation: Potions are less effective at restoring your
                  | health. [potion of mutation]
  2545 | D:3      | Gained mutation: You possess an exceptional clarity of
                  | mind. [potion of mutation]
  2545 | D:3      | Gained mutation: You have large cloven feet. [potion of
                  | mutation]
  2850 | D:3      | Reached XP level 5. HP: 42/42 MP: 7/7
  2917 | D:3      | Noticed Grinder
  2942 | D:3      | HP: 2/42 [Grinder (5)]
  2942 | D:3      | Slain by Grinder

Illustrated notes

Levels and vault maps discovered:
D:1:      minmay_arrival_open_corners, layout_basic,
          chequers_ecumenical_altar_island, minmay_3d_cube
D:2:      layout_loops_corners
D:3:      layout_basic, uniq_grinder

Skill      XL: |  1  2  3 |
---------------+----------+-----
Invocations    | 3 |  3.6
Armour         | 3 |  3.5
Fighting       | 4 |  4.2
Axes           | |  2.0
Dodging        | |  0.8

Action                   |  1- 3 |  4- 6 || total
-------------------------+-------+-------++-------
Melee: Hand axe          |   104 |    57 ||   161
       Kick              |       |     9 ||     9
  Use: Scroll            |       |     2 ||     2
       Potion            |       |     2 ||     2
Armor: Leather armour    |    23 |     6 ||    29
       Plate armour      |       |     5 ||     5
Dodge: Dodged            |    78 |    23 ||   101

Table legend: (Time is in decaauts)
 A = Elapsed time spent in this place.
 B = Non-inter-level travel time spent in this place.
 C = Inter-level travel time spent in this place.
 D = Time resting spent in this place.
 E = Time spent auto-exploring this place.
 F = Levels seen in this place.
 G = Mean time per level.
                   A        B        C        D        E       F      G
               +--------+--------+--------+--------+--------+-----+--------+
         Total |   2977 |   2844 |    133 |    706 |   1756 |   4 |  744.2 |
       Dungeon |   2965 |   2832 |    133 |    706 |   1755 |   3 |  988.3 |
         Abyss |     12 |     12 |      0 |      0 |      1 |   1 |   12.0 |
               +--------+--------+--------+--------+--------+-----+--------+

Top non-repeatable levels by time:
     D:2: 1527 daAuts
     D:1: 1027 daAuts
     D:3: 410 daAuts
 Abyss:1: 12 daAuts
